 Dungeon Crawl Stone Soup version 0.20.1-1-g8b1a95d (webtiles) character file.

35 Irenicus the Insei (level 3, 0/31 HPs)
             Began as a Deep Dwarf Transmuter on Oct 20, 2017.
             Slain by a kobold
             ... wielding a +0 short sword of electrocution
              (15 damage)
             ... on level 2 of the Dungeon.
             The game lasted 00:03:13 (905 turns).

Irenicus the Insei (Deep Dwarf Transmuter)           Turns: 905, Time: 00:03:13

Health: 0/31       AC:  2    Str: 13    XL:     3   Next: 17%
Magic:  2/5        EV: 13    Int: 13    God:
Gold:   38         SH:  0    Dex: 17    Spells: 2/5 levels left

rFire    . . .     SeeInvis .     - Unarmed
rCold    . . .     Gourm    .   (no shield)
rNeg     . . .     Faith    .   b - +0 robe
rPois    .         Spirit   .   (no helmet)
rElec    .         Reflect  .   (no cloak)
rCorr    .         Harm     .   (no gloves)
MR       .....                  (no boots)
Stlth    ++........             (no amulet)
Regen    0.0/turn               l - +3 ring of dexterity
MPRegen  0.1/turn               (no ring)

@: non-regenerating
A: damage resistance, heal wounds, sense surroundings 1, no regeneration
a: Heal Wounds


You were on level 2 of the Dungeon.
You were not hungry.

You visited 1 branch of the dungeon, and saw 2 of its levels.

You collected 38 gold pieces.

Inventory:

Missiles
 a - 24 arrows
Armour
 b - a +0 robe (worn)
Jewellery
 l - a +3 ring of dexterity (left hand)
Scrolls
 h - 3 scrolls of identify {unknown}
 j - a scroll of teleportation {unknown}
 k - 3 scrolls of immolation {unknown}
 m - a scroll of amnesia {unknown}
 n - a scroll of remove curse {unknown}
 o - a scroll of recharging {unknown}
Potions
 e - a potion of might {unknown}
 f - a potion of haste {unknown}
Books
 c - a book of Changes

   Spells                             Type                      Level
   a - Beastly Appendage              Transmutation                1
   b - Sticks to Snakes               Transmutation                2
   c - Spider Form                    Transmutation/Poison         3
   d - Ice Form                       Ice/Transmutation            4
   e - Blade Hands                    Transmutation                5
Comestibles
 d - a bread ration
 g - a royal jelly
 i - a meat ration
 p - a chunk of flesh


   Skills:
 - Level 1.1 Fighting
 - Level 2.1 Dodging
 + Level 3.4 Unarmed Combat
 - Level 1.7 Spellcasting
 + Level 2.3 Transmutations


You had 2 spell levels left.
You knew the following spells:

 Your Spells              Type           Power        Failure   Level  Hunger
a - Beastly Appendage     Tmut           #.....       10%         1    ##.....
b - Sticks to Snakes      Tmut           #.......     16%         2    ###....


Dungeon Overview and Level Annotations

Branches:
Dungeon (2/15)

Altars:
Ashenzari


Innate Abilities, Weirdness & Mutations

You are resistant to damage.
You can heal yourself by infusing magical energy.
You passively map a small area around you.
You do not regenerate.


Message History

Your horns disappear.
Eating one of 2 chunks of flesh.
You eat one of the 2 chunks of flesh.
This raw flesh tastes terrible.
There is an open door here.
A kobold comes into view.
It is wielding a short sword of electrocution.
Casting: Beastly Appendage
Confirm with . or Enter, or press ? or * to list all spells.
You create a snake!
You now have 24 arrows.
The kobold shouts!
The kobold throws a stone.
The stone closely misses you. The stone closely misses your adder.
You swap places.
The kobold hits your adder with a short sword of electrocution!
Lightning courses through your adder!
Your adder dies!
Found a stone staircase leading down.
You hit the kobold but do no damage.
The kobold hits you with a short sword of electrocution.
You are electrocuted!
You die...

* *, * , ,, *
...#.########
......K@...(#
,
>..#.######.#
. , #.# # ,,,
, ,,
#####.##### .
* *
#.........#
#* * ,*
#.###..##.# #
#.####.## * #
*
####........
# ##+##
#.........###


You could see a kobold.

Vanquished Creatures
  2 adders (D:2)
  A dart slug (D:1)
  2 leopard geckos
  2 ball pythons
  3 goblins
  4 hobgoblins
  2 kobolds (D:1)
  A bat (D:1)
  A frilled lizard (D:1)
  A rat (D:1)
19 creatures vanquished.

Vanquished Creatures (collateral kills)
  A frilled lizard (D:2)
1 creature vanquished.

Grand Total: 20 creatures vanquished

Notes
Turn   | Place    | Note
-------+----------+-------------------------------------------
     0 | D:1      | Irenicus the Deep Dwarf Transmuter began the quest for the Orb.
     0 | D:1      | Reached XP level 1. HP: 16/16 MP: 3/3
   137 | D:1      | Reached skill level 3 in Unarmed Combat
   169 | D:1      | Reached XP level 2. HP: 22/24 MP: 4/4
   237 | D:1      | Learned a level 2 spell: Sticks to Snakes
   661 | D:2      | Reached skill level 1 in Fighting
   702 | D:2      | Found a shattered altar of Ashenzari.
   871 | D:2      | Reached XP level 3. HP: 16/31 MP: 1/5
   905 | D:2      | Slain by a kobold

Skill      XL: |  1  2 |
---------------+-------+-----
Unarmed Combat | 3 |  3.4
Transmutations | 2 |  2.3
Fighting       | 1 |  1.1
Dodging        | |  2.1
Spellcasting   | |  1.7

Action                   || total
-------------------------++-------
Melee: Unarmed           ||    70
       Headbutt          ||     6
       Kick              ||     1
       Punch             ||     1
 Cast: Beastly Appendage ||    11
       Sticks to Snakes  ||     6
 Stab: Distracted        ||     1
  Eat: Chunk             ||     1
Armor: Robe              ||     6
Dodge: Dodged            ||    43
